 Dungeon Crawl Stone Soup version 0.28.0-53-g5a82cb258f (webtiles) character file.

Game seed: 14851526819032287464

60 MisterFreud the Covert (level 4, -7/41 HPs)
             Began as a Gnoll Delver on June 5, 2022.
             Was an Initiate of Hepliaklqana.
             Splashed by a jelly's acid (11 damage)
             ... on level 4 of the Dungeon.
             The game lasted 00:00:55 (620 turns).

MisterFreud the Covert (Gnoll Delver)                Turns: 620, Time: 00:00:57

Health: -7/41      AC:  0    Str: 11    XL:     4   Next: 4%
Magic:  5/5        EV: 13    Int: 11    God:    Hepliaklqana [......]
Gold:   11         SH:  0    Dex: 14    Spells: 5/5 levels left

rFire   . . .      SeeInvis .   a - +0 short sword
rCold   . . .      Faith    .   (no shield)
rNeg    . . .      Spirit   .   b - +0 leather armour
rPois   .          Reflect  .   (no helmet)
rElec   .          Harm     .   (no cloak)
rCorr   .          Rampage  .   (no gloves)
Will    .....                   (no boots)
Stlth   ++++......              (no amulet)
HPRegen 0.13/turn               (no ring)
MPRegen 0.09/turn               (no ring)

@: corroded
A: fangs 1, strong nose, distributed training
a: Renounce Religion


You were on level 4 of the Dungeon.
You worshipped Hepliaklqana.
Hepliaklqana was noncommittal.
You visited 2 branches of the dungeon, and saw 4 of its levels.

You collected 11 gold pieces.

Inventory:

Hand Weapons
 a - a +0 short sword (weapon)
Armour
 b - a +0 leather armour (worn)
Wands
 g - a wand of digging (3)
Scrolls
 c - a scroll of fog
 d - a scroll of magic mapping
 e - a scroll of fear
 h - a scroll of identify {unknown}
Potions
 f - a potion of haste


   Skills:
 + Level 6.5 Fighting
 + Level 4.6 Short Blades
 + Level 1.0 Long Blades
 + Level 1.0 Axes
 + Level 1.0 Maces & Flails
 + Level 1.0 Polearms
 + Level 1.0 Staves
 + Level 1.0 Slings
 + Level 1.0 Bows
 + Level 1.0 Crossbows
 + Level 1.0 Throwing
 + Level 1.0 Armour
 + Level 4.6 Dodging
 + Level 9.6 Stealth
 + Level 1.0 Shields
 + Level 1.0 Unarmed Combat
 + Level 1.0 Spellcasting
 + Level 0.7 Conjurations
 + Level 0.7 Hexes
 + Level 0.7 Summonings
 + Level 0.7 Necromancy
 + Level 0.7 Translocations
 + Level 0.7 Transmutations
 + Level 0.7 Fire Magic
 + Level 0.7 Ice Magic
 + Level 0.7 Air Magic
 + Level 0.7 Earth Magic
 + Level 0.7 Poison Magic
 + Level 1.1 Invocations
 + Level 1.0 Evocations


You had 5 spell levels left.
You didn't know any spells.
Your spell library was empty.

Dungeon Overview and Level Annotations

Branches:
Dungeon (6/15)             Temple (1/1) D:4

Altars:
Ashenzari
Cheibriados
Hepliaklqana
Okawaru
Qazlal
Ru
Trog
Xom
Zin
Lugonu

Shops:
D:4 *


Innate Abilities, Weirdness & Mutations

You have very sharp teeth.
Your uncanny sense of smell can sniff out nearby items.
Your experience applies equally to all skills.


Message History

The ball python bites you. The ball python constricts you.
A ball python is nearby!
A ball python is nearby!
You completely miss the ball python. Your bite misses the ball python.
The ball python misses you. The ball python constricts you.
A ball python is nearby!
You hit the ball python.
You kill the ball python!
HP restored.
A jelly comes into view.
A jelly is nearby!
The jelly quivers.
A jelly is nearby!
Found a chain mail.
You hit the jelly.
Your hands burn!
The jelly is moderately wounded.
The jelly barely misses you.
You hit the jelly but do no damage.
Your hands burn!
The jelly is moderately wounded.
The jelly hits you.
You are splashed with acid!
You hit the jelly.
Your hands burn!
The jelly is heavily wounded.
You hit the jelly.
Your hands burn!
The jelly is heavily wounded.
The jelly hits you but does no damage.
You barely miss the jelly. You bite the jelly.
The jelly is heavily wounded.
The jelly hits you.
You are splashed with acid!
* * * LOW HITPOINT WARNING * * *
You hit the jelly. The acid corrodes you!
Your hands burn!
* * * LOW HITPOINT WARNING * * *
The jelly is severely wounded.
The jelly barely misses you.
You hit the jelly but do no damage.
Your hands burn!
* * * LOW HITPOINT WARNING * * *
The jelly is severely wounded.
The jelly hits you.
* * * LOW HITPOINT WARNING * * *
You are splashed with acid!
You die...

########### #
.#.........###.#
#.....J@.....#.#
[#.#######.....#
#...#.# #.....#
##..### #..#
#..# #..# #.†#


You could see a jelly.

Vanquished Creatures
  A hound (D:4)
  A hound skeleton (D:4)
  An adder (D:4)
  An orc (D:4)
  A ball python (D:4)
  A giant cockroach (D:4)
  2 goblins (D:4)
8 creatures vanquished.

Notes
Turn   | Place    | Note
-------+----------+-------------------------------------------
     0 | D:5      | Reached skill level 9 in Stealth
     0 | D:5      | MisterFreud the Gnoll Delver began the quest for the Orb.
     0 | D:5      | Reached XP level 1. HP: 23/23 MP: 1/1
    21 | D:4      | Noticed a hound
    37 | D:4      | Killed a hound
    38 | D:4      | Reached XP level 2. HP: 18/29 MP: 1/3
    38 | D:4      | Reached XP level 3. HP: 22/35 MP: 1/4
   188 | D:4      | Found Zin's Purification Station.
   192 | D:4      | Found a glowing silver altar of Zin.
   300 | D:4      | Reached skill level 1 in Invocations
   397 | D:4      | Reached skill level 1 in Long Blades
   397 | D:4      | Reached skill level 1 in Axes
   397 | D:4      | Reached skill level 1 in Maces & Flails
   397 | D:4      | Reached skill level 1 in Polearms
   397 | D:4      | Reached skill level 1 in Staves
   397 | D:4      | Reached skill level 1 in Slings
   397 | D:4      | Reached skill level 1 in Bows
   397 | D:4      | Reached skill level 1 in Crossbows
   397 | D:4      | Reached skill level 1 in Throwing
   397 | D:4      | Reached skill level 1 in Armour
   397 | D:4      | Reached skill level 1 in Shields
   397 | D:4      | Reached skill level 1 in Unarmed Combat
   397 | D:4      | Reached skill level 1 in Spellcasting
   397 | D:4      | Reached skill level 1 in Evocations
   397 | D:4      | Reached XP level 4. HP: 41/41 MP: 5/5
   414 | D:4      | Found a staircase to the Ecumenical Temple.
   421 | Temple   | Entered the Ecumenical Temple
   525 | Temple   | Became a worshipper of Hepliaklqana the Forgotten
   620 | D:4      | Splashed by a jelly's acid

Illustrated notes

Levels and vault maps discovered:
D:4:      layout_loops_ring, zin_purify, mainiacjoe_overflow_catch_the_wave,
          lemuel_round_altar, chequers_temple_overflow_statue_of_worship,
          minmay_temple_entry_gardened_gates, serial_shops,
          nicolae_shop_advertising_works [nicolae_subvault_shop_adworks],
          nicolae_shop_crystal, shop, hangedman_feature_mirror, uniq_menkaure
D:5:      minmay_octagon_keep, layout_rooms, chequers_serial_rivers_small_a,
          nrook_uturn, uniq_edmund
D:6:      layout_loops_ring, gammafunk_temple_overflow_statue,
          makhleb_heckhound_becter, serial_shops, nicolae_inconvenience_store,
          gammafunk_ghost_icy, chequers_hall_statues_corner_a,
          kennysheep_cross_room, minmay_fountain_box
Temple:   kb_corrupted_temple

Skill      XL: |  1  2  3 |
---------------+----------+-----
Stealth        | |  9.6
Invocations    | 1 |  1.1
Long Blades    | 1 |  1.0
Axes           | 1 |  1.0
Maces & Flails | 1 |  1.0
Polearms       | 1 |  1.0
Staves         | 1 |  1.0
Slings         | 1 |  1.0
Bows           | 1 |  1.0
Crossbows      | 1 |  1.0
Throwing       | 1 |  1.0
Armour         | 1 |  1.0
Shields        | 1 |  1.0
Unarmed Combat | 1 |  1.0
Spellcasting   | 1 |  1.0
Evocations     | 1 |  1.0
Fighting       | |  6.5
Short Blades   | |  4.6
Dodging        | |  4.6
Conjurations   | |  0.7
Hexes          | |  0.7
Summonings     | |  0.7
Necromancy     | |  0.7
Translocations | |  0.7
Transmutations | |  0.7
Fire Magic     | |  0.7
Ice Magic      | |  0.7
Air Magic      | |  0.7
Earth Magic    | |  0.7
Poison Magic   | |  0.7

Action                   |  1- 3 |  4- 6 || total
-------------------------+-------+-------++-------
Melee: Short sword       |    34 |    11 ||    45
       Bite              |     5 |     1 ||     6
 Stab: Sleeping          |     1 |     1 ||     2
Armor: Leather armour    |     6 |     2 ||     8
Dodge: Dodged            |    21 |     3 ||    24
